 Dungeon Crawl Stone Soup version 0.31-a0-819-gf6de2f5ab6 (webtiles) character file.

Game seed: 10484567474727571389

490 qw the Shooter (level 7, -4/43 HPs)
             Began as a Gargoyle Hunter on Sept 23, 2023.
             Slain by a gnoll
             ... wielding a +0 halberd
             ... led by a gnoll bouda
              (7 damage)
             ... on level 4 of the Dungeon.
             The game lasted 00:01:41 (3024 turns).

qw the Shooter (Gargoyle Hunter)                    Turns: 3024, Time: 00:01:42

Health: -4/43      AC: 12    Str: 14    XL:     7   Next: 14%
Magic:  7/7        EV: 12    Int: 10    God:
Gold:   75         SH:  0    Dex: 21    Spells: 6/6 levels left

rFire   . . .        Y - +1 shortbow
rCold   . . .        (shield currently unavailable)
rNeg    + + .        k - +0 ring mail
rPois   inf          (no helmet)
rElec   +            b - +0 cloak
rCorr   .            h - +0 pair of gloves
SInv    .            (no boots)
Will    .....        (no amulet)
Stlth   +            j - ring "Qoyg" {rN+ Dex+6}
HPRegen 0.27/turn    (no ring)
MPRegen 0.10/turn

%: no passive effects
@: no status effects
A: sickness immunity, AC +4, negative energy resistance 1, electricity
resistance, torment resistance 1, petrification resistance
a: no special abilities


You were on level 4 of the Dungeon.
You visited 1 branch of the dungeon, and saw 4 of its levels.
You also visited: Sewer.

You collected 170 gold pieces.
You spent 95 gold pieces at shops.


Innate Abilities, Weirdness & Mutations

You are immune to sickness and miasma.
Your stone body is resilient. (AC +4)
You are immune to poison.
You resist negative energy. (rN+)
You are resistant to electric shocks. (rElec)
You are resistant to unholy torment.
You are immune to petrification.


   Skills:
 - Level 4.1 Fighting
 - Level 7.0 Ranged Weapons
 - Level 1.3 Armour
 + Level 2.5 Dodging
 - Level 1.1 Stealth


You had 6 spell levels left.
You didn't know any spells.
Your spell library was empty.

Inventory:

Hand Weapons
 Y - a +1 shortbow (weapon)
Armour
 b - a +0 cloak (worn)
 h - a +0 pair of gloves (worn)
 k - a +0 ring mail (worn)
Jewellery
 j - the ring "Qoyg" (left hand) {rN+ Dex+6}
   (You found it on level 3 of the Dungeon)

   [ring of dexterity]

   Dex+6:     It affects your dexterity (+6).
   rN+:       It protects you from negative energy.
Scrolls
 d - a scroll of identify
Potions
 c - 2 potions of enlightenment
 f - a potion of haste
 g - 2 potions of curing
 i - a potion of attraction {unknown}

Dungeon Overview and Level Annotations

Branches:
Dungeon (4/15)              Sewer (visited)
 Temple: D:4-7

Altars:

Shops:
D:3 ?

Annotations:
D:3 1 runed translucent door, Crazy Yiuf


Message History

The phantom is lightly damaged.
The phantom closely misses you.
You shoot an arrow. The arrow hits the phantom.
The phantom is lightly damaged.
The gnoll closely misses you. The phantom hits you.
The phantom blinks!
You blink.
You shoot an arrow.
The arrow hits the phantom but does no damage.
The phantom is lightly damaged.
The phantom closely misses you.
You shoot an arrow. The arrow hits the phantom.
The phantom is lightly damaged.
The phantom barely misses you.
You shoot an arrow. The arrow closely misses the phantom.
The phantom hits you. The phantom closely misses you.
You shoot an arrow. The arrow hits the phantom!
The phantom is heavily damaged.
The phantom hits you but does no damage.
You shoot an arrow. The arrow misses the phantom.
The phantom barely misses you.
You shoot an arrow. The arrow misses the phantom.
The phantom barely misses you.
You shoot an arrow. The arrow hits the phantom!
The phantom is almost destroyed.
The gnoll closely misses you.
The phantom hits you but does no damage.
You shoot an arrow. The arrow closely misses the phantom.
The gnoll barely misses you. The phantom barely misses you.
You shoot an arrow. The arrow closely misses the phantom.
The gnoll hits you from afar with a +0 halberd.
The phantom hits you but does no damage.
The gnoll barely misses you. The phantom hits you.
The phantom blinks!
You blink.
You shoot an arrow. The arrow hits the phantom!
You destroy the phantom!
Your Dodging skill increases to level 2!
You have reached level 7!
You shoot an arrow. The arrow completely misses the gnoll.
The gnoll hits you from afar with a +0 halberd!
You die...

#..#)# #.##.#
##.##ยค#####
#.........#
#..##.###.#
#..##.#
####g.##.###
#....).....#.#
#.##@.##.#.#.#
#) #..##.#.#.#
#g #..##.#.#.#
#. #....#....#
#g ##..###..##
.# ###.#...# #
#.#..# ...#..#
#####W.#


You could see a gnoll.

Vanquished Creatures
  A phantom (D:4)
  A kobold brigand (Sewer)
  An orc priest (D:3)
  A gnoll bouda (D:4)
  Jessica (D:3)
  An orc wizard (D:3)
  10 gnolls
  A river rat (Sewer)
  4 adders
  A worm (D:2)
  8 orcs (D:3)
  8 ball pythons
  7 bats
  4 endoplasms
  4 giant cockroaches
  5 goblins
  6 hobgoblins
  4 jackals
  10 kobolds
  3 quokkas (D:1)
  4 frilled lizards
  9 rats
94 creatures vanquished.

Notes
Turn   | Place    | Note
-------+----------+-------------------------------------------
     0 | D:1      | qw the Gargoyle Hunter began the quest for the Orb.
     0 | D:1      | Reached XP level 1. HP: 12/12 MP: 1/1
     0 | D:1      | 0 ||| qw: Version: 0.3-a-83-gcd0e7d8
     0 | D:1      | 0 ||| qw: Game counter: 1396
     0 | D:1      | 0 ||| qw: Melee chars always use a shield: true
     0 | D:1      | 0 ||| qw: God list: Okawaru
     0 | D:1      | 0 ||| qw: Allow faded altars: false
     0 | D:1      | 0 ||| qw: Do Orc after clearing Dungeon:15 true
     0 | D:1      | 0 ||| qw: Do second Lair branch before Depths: true
     0 | D:1      | 0 ||| qw: Lair rune preference: random
     0 | D:1      | 0 ||| qw: Goals: Normal
     0 | D:1      | 0 ||| PLANNING D:1-11
    49 | D:1      | Found a faded altar of an unknown god.
   127 | D:1      | Reached XP level 2. HP: 17/17 MP: 2/2
   431 | D:1      | Reached XP level 3. HP: 21/21 MP: 3/3
   478 | D:1      | Reached skill level 5 in Ranged Weapons
   922 | D:1      | 922 ||| UPGRADING to +0 pair of gloves.
   927 | D:1      | 927 ||| READING 2 scrolls labelled VEOCUV ESYPRIMA.
   930 | D:1      | 930 ||| READING scroll labelled JOACIN LELUFE.
   931 | D:1      | 931 ||| READING scroll labelled ZEOFOU MASAA.
   932 | D:1      | 932 ||| READING scroll labelled BOR NAARPHUSTACH.
   933 | D:1      | 933 ||| DROPPING scroll of butterflies.
  1051 | D:2      | Reached skill level 3 in Fighting
  1140 | D:2      | Reached XP level 4. HP: 28/28 MP: 4/4
  1405 | D:2      | 1405 ||| UPGRADING to +0 cloak.
  1410 | D:2      | 1410 ||| READING scroll labelled IKHLOOZY HIPA.
  1411 | D:2      | 1411 ||| DRINKING 2 metallic yellow potions.
  1439 | D:3      | 1439 ||| PLANNING SEWER
  1595 | D:3      | Found Xuwuna's Magic Scroll Shoppe.
  1606 | D:3      | 1606 ||| BUYING scroll of enchant weapon (75 gold).
  1606 | D:3      | Bought a scroll of enchant weapon for 75 gold pieces
  1606 | D:3      | 1606 ||| BUYING scroll of identify (20 gold).
  1606 | D:3      | Bought a scroll of identify for 20 gold pieces
  1606 | D:3      | 1606 ||| SHOPLISTING scroll of identify (20 gold, have 8).
  1606 | D:3      | 1606 ||| READING scroll of enchant weapon.
  1606 | D:3      | 1606 ||| ENCHANTING +0 shortbow.
  1654 | D:3      | Found a runed translucent door.
  1655 | D:3      | Noticed Crazy Yiuf
  1747 | D:3      | Identified the ring "Qoyg" {rN+ Dex+6}
  1785 | D:3      | 1785 ||| RETREEAATING.
  1786 | D:3      | 1786 ||| STILL RETREEAATING.
  1787 | D:3      | 1787 ||| STILL RETREEAATING.
  1788 | D:3      | 1788 ||| STILL RETREEAATING.
  1789 | D:3      | 1789 ||| STILL RETREEAATING.
  1790 | D:3      | 1790 ||| STILL RETREEAATING.
  1791 | D:3      | 1791 ||| STILL RETREEAATING.
  1792 | D:3      | 1792 ||| STILL RETREEAATING.
  1796 | D:3      | Reached skill level 1 in Armour
  1800 | D:3      | 1800 ||| FLEEEEING.
  1868 | D:3      | 1868 ||| UPGRADING to +0 ring mail.
  1874 | D:3      | 1874 ||| UPGRADING to +0 ring mail.
  1885 | D:3      | Reached XP level 5. HP: 16/32 MP: 5/5
  1947 | D:3      | 1947 ||| UPGRADING to +0 leather armour.
  1952 | D:3      | 1952 ||| UPGRADING to +0 ring mail.
  1962 | D:3      | 1962 ||| DROPPING +0 leather armour.
  1963 | D:3      | 1963 ||| UPGRADING to ring "Qoyg" {rN+ Dex+6}.
  1964 | D:3      | 1964 ||| READING 3 scrolls of identify.
  1964 | D:3      | 1964 ||| IDENTIFYING bubbling brown potion
  1965 | D:3      | 1965 ||| READING 2 scrolls of identify.
  1965 | D:3      | 1965 ||| IDENTIFYING puce potion
  1966 | D:3      | 1966 ||| DROPPING potion of magic.
  1968 | D:3      | Found a glowing drain.
  1979 | Sewer    | Entered a sewer
  2052 | Sewer    | Noticed a kobold brigand
  2059 | Sewer    | Reached skill level 6 in Ranged Weapons
  2066 | Sewer    | Killed a kobold brigand
  2074 | Sewer    | Reached XP level 6. HP: 24/38 MP: 6/6
  2164 | Sewer    | Found a glowing silver altar of Zin.
  2207 | D:3      | 2207 ||| PLANNING D:1-11
  2511 | D:3      | Noticed Jessica
  2514 | D:3      | Killed Jessica
  2523 | D:3      | 2523 ||| DRINKING 3 potions of curing.
  2523 | D:3      | 2523 ||| (to cure confusion)
  2728 | D:4      | 2728 ||| FLEEEEING.
  2729 | D:4      | 2729 ||| FLEEEEING.
  2730 | D:4      | 2730 ||| FLEEEEING.
  2733 | D:4      | 2733 ||| FLEEEEING.
  2738 | D:4      | 2738 ||| FLEEEEING.
  2802 | D:4      | 2802 ||| FLEEEEING.
  2803 | D:4      | 2803 ||| FLEEEEING.
  2808 | D:4      | 2808 ||| STAIRDANCE
  2969 | D:4      | 2969 ||| Stepping ~*~*~tactically~*~*~ (retreating).
  2976 | D:4      | 2976 ||| Stepping ~*~*~tactically~*~*~ (retreating).
  2977 | D:4      | 2977 ||| Stepping ~*~*~tactically~*~*~ (retreating).
  2978 | D:4      | 2978 ||| Stepping ~*~*~tactically~*~*~ (retreating).
  2979 | D:4      | 2979 ||| Stepping ~*~*~tactically~*~*~ (retreating).
  2982 | D:4      | 2982 ||| Stepping ~*~*~tactically~*~*~ (retreating).
  2988 | D:4      | Reached skill level 7 in Ranged Weapons
  2990 | D:4      | HP: 8/38 [gnoll/+0 spear[a gnoll bouda] (5)]
  2991 | D:4      | 2991 ||| READING scroll of teleportation.
  2996 | D:4      | 2996 ||| FLEEEEING.
  2997 | D:4      | 2997 ||| FLEEEEING.
  2998 | D:4      | 2998 ||| FLEEEEING.
  2999 | D:4      | 2999 ||| FLEEEEING.
  3004 | D:4      | 3004 ||| FLEEEEING.
  3005 | D:4      | 3005 ||| FLEEEEING.
  3006 | D:4      | 3006 ||| FLEEEEING.
  3007 | D:4      | 3007 ||| FLEEEEING.
  3008 | D:4      | 3008 ||| FLEEEEING.
  3022 | D:4      | HP: 6/38 [gnoll/+0 halberd[a gnoll bouda] (6)]
  3022 | D:4      | HP: 2/38 [phantom (4)]
  3024 | D:4      | Reached XP level 7. HP: 2/43 MP: 7/7
  3024 | D:4      | Slain by a gnoll

Levels and vault maps discovered:
D:1:      lightli_arrival_maybe_door_vault, layout_loops_corners,
          ebering_ecumenical_altar_petrified, minmay_strange_pillars
D:2:      layout_rooms
D:3:      layout_basic, gup_sewer_entry_glass, serial_shops, shop_statue,
          uniq_jessica, uniq_crazy_yiuf_cottage
D:4:      layout_loops_ring, minmay_gold_behind_fungi

Skill      XL: |  1  2  3  4  5  6 |
---------------+-------------------+-----
Ranged Weapons | 5 6 7 |  7.0
Fighting       | 3 4 |  4.1
Armour         | 1 |  1.3
Dodging        | 2 |  2.5
Stealth        | |  1.1

Action                     |  1- 3 |  4- 6 |  7- 9 || total
---------------------------+-------+-------+-------++-------
   Fire: Shortbow          |   121 |   189 |     1 ||   311
    Use: Scroll            |     4 |     5 |       ||     9
         Potion            |       |     2 |       ||     2
 Armour: Leather armour    |    26 |     5 |       ||    31
         Ring mail         |       |    73 |     1 ||    74
  Dodge: Dodged            |    31 |    76 |       ||   107

Table legend:
 A = Non-vault XP
 B = Vault XP
 C = Vault XP percentage of total XP
 D = Non-vault monster count
 E = Vault monster count
 F = Vault count percentage of total count
                 A         B        C        D         E       F
            +---------+---------+-------+---------+---------+-------
      Total |     536 |     164 |  23.4 |      78 |      16 |  17.0
            +---------+---------+-------+---------+---------+-------
        D:1 |      47 |       0 |   0.0 |      27 |       0 |   0.0
        D:2 |      55 |       0 |   0.0 |      16 |       0 |   0.0
        D:3 |     173 |      39 |  18.4 |      24 |       2 |   7.7
        D:4 |     261 |       0 |   0.0 |      11 |       0 |   0.0
      Sewer |       0 |     125 | 100.0 |       0 |      14 | 100.0
            +---------+---------+-------+---------+---------+-------
